 Dungeon Crawl Stone Soup version 0.28.0 (webtiles) character file.

Game seed: 14348497804712873933

18 cbfl8 the Sneak (level 2, -10/27 HPs)
             Began as a Minotaur Delver on Feb 13, 2022.
             Mangled by an ogre (26 damage)
             ... on level 5 of the Dungeon.
             The game lasted 00:00:27 (255 turns).

cbfl8 the Sneak (Minotaur Delver)                    Turns: 255, Time: 00:00:28

Health: -10/27     AC:  5    Str: 16    XL:     2   Next: 51%
Magic:  1/1        EV: 11    Int:  7    God:
Gold:   0          SH:  0    Dex: 11    Spells: 1/1 levels left

rFire   . . .      SeeInvis .   a - +0 hand axe
rCold   . . .      Faith    .   (no shield)
rNeg    . . .      Spirit   .   i - +0 ring mail
rPois   .          Reflect  .   (helmet restricted)
rElec   .          Harm     .   (no cloak)
rCorr   .          Rampage  .   (no gloves)
Will    .....                   (no boots)
Stlth   ++........              (no amulet)
HPRegen 0.09/turn               (no ring)
MPRegen 0.07/turn               (no ring)

@: no status effects
A: horns 2, retaliatory headbutt
a: no special abilities


You were on level 5 of the Dungeon.
You visited 1 branch of the dungeon, and saw 1 of its levels.

Inventory:

Hand Weapons
 a - a +0 hand axe (weapon)
Armour
 b - a +0 leather armour
 i - a +0 ring mail (worn)
Wands
 g - a wand of digging (3)
Scrolls
 c - a scroll of fog
 d - a scroll of magic mapping
 e - a scroll of fear
 h - a scroll of identify {unknown}
Potions
 f - a potion of haste


   Skills:
 + Level 3.8 Fighting
 + Level 2.5 Axes
 + Level 2.2 Dodging
 + Level 4.5 Stealth


You had one spell level left.
You didn't know any spells.
Your spell library contained the following spells:

 Spells                   Type           Power      Damage    Failure   Level
 Freeze                   Ice            0%         1d3       65%         1
 Sandblast                Erth           0%         2d4       65%         1
 Passwall                 Tmut/Erth      0%         N/A       80%         2
 Stone Arrow              Conj/Erth      0%         3d7       95%         3
 Tukima's Dance           Hex            0%         N/A       95%         3
 Anguish                  Hex/Necr       0%         N/A       100%        4


Dungeon Overview and Level Annotations

Branches:
Dungeon (5/15)
 Temple: D:4-7

Altars:


Innate Abilities, Weirdness & Mutations

You have a pair of horns on your head.
You reflexively headbutt those who attack you in melee.


Message History

You slash the adder!
You kill the adder!
You feel sick.
You have reached level 2!
You feel sick.
You feel sick.
You pick up a book of Geomancy and begin reading...
You add the spells Sandblast, Passwall and Stone Arrow to your library.
You feel sick.
You are no longer poisoned.
You start resting.
An adder comes into view.
You hit the adder. Your headbutt misses the adder.
The adder is lightly wounded.
The adder barely misses you. You furiously retaliate!
You headbutt the adder! You miss the adder.
The adder is severely wounded.
The adder closely misses you. You furiously retaliate!
You headbutt the adder.
You kill the adder!
You see here an adder corpse.
You start resting.
HP restored.
An ogre comes into view. It is wielding a +0 giant club.
Found 2 white potions.
The ogre shouts!
An orc comes into view. It is wielding a +0 hand axe.
An orc comes into view. It is wielding a +0 club.
An orc comes into view. It is wielding a +0 flail.
Found 16 gold pieces.
The orc shouts!
You see here an adder corpse.
There is a stone staircase leading down here.
You hit the ogre.
The ogre is moderately wounded.
The ogre hits you with a +0 giant club!
You slash the ogre!
The ogre is heavily wounded.
The ogre hits you with a +0 giant club!!
Ouch! That really hurt!
You die...

#(#.##.## #.#.##.#
##.#.##.#
#.....#.#########
####............##.#
........#######.##..
.##..#..#.......##.#
#.#####..#.####..##.#
#...@O.o.#....#......
########.#.......###.
#.#..###.####.
#.#....#......
#.##.#.#..####
#.o.......#
####.#.#.## #†#...#
#O#####


You could see an ogre and an orc.

Vanquished Creatures
  2 adders (D:5)
2 creatures vanquished.

Notes
Turn   | Place    | Note
-------+----------+-------------------------------------------
     0 | D:5      | cbfl8 the Minotaur Delver began the quest for the Orb.
     0 | D:5      | Reached XP level 1. HP: 19/19 MP: 0/0
    50 | D:5      | Got Quoguke's Guide on Enthralling Ice
    80 | D:5      | Reached XP level 2. HP: 16/27 MP: 1/1
   231 | D:5      | Noticed an ogre
   255 | D:5      | Mangled by an ogre

Illustrated notes

Levels and vault maps discovered:
D:5:      layout_basic, hangedman_glass_teeth, minmay_hedge_maze

Action                   || total
-------------------------++-------
Melee: Hand axe          ||     8
Dodge: Dodged            ||     4
